[Event "ICC Open 2015"]
[Site "Internet Chess Club"]
[Date "2015.05.30"]
[Round "11"]
[White "JCarllsen"]
[Black "blackdaysrook"]
[Result "0-1"]
[ICCResult "White forfeits on time"]
[WhiteElo "1851"]
[BlackElo "1732"]
[Opening "Caro-Kann: two knights variation"]
[ECO "B10"]
[NIC "CK.01"]
[Time "20:46:22"]
[TimeControl "180+0"]

1. e4 c6 2. Nf3 d5 3. Nc3 d4 4. Nb1 Nf6 5. Bc4 Nxe4 6. Ne5 e6 7. Nxf7 Kxf7
8. Qh5+ g6 9. Qe5 Nf6 10. d3 Bg7 11. Bg5 Re8 12. Nd2 Kg8 13. O-O-O Kh8 14.
h4 c5 15. h5 Nxh5 16. Qxc5 Qb6 17. Qxb6 axb6 18. Ne4 Bd7 19. Nd6 Rf8 20. Be7
Rxf2 21. Rdf1 Rxf1+ 22. Rxf1 Bh6+ 23. Kb1 Nc6 24. Nf7+ Kg7 25. Bd6 Be3 26.
Ne5 Nxe5 27. Bxe5+ Kh6 28. g4 b5 29. Bb3 Bc6 30. Rf7 Nf4 31. Bxf4+ Bxf4 32.
Rxf4 Kg5 33. Rxd4 Rf8 34. a3 Rf1+ 35. Ka2 Rf4 36. Rxf4 Kxf4 37. Bxe6 h6
{White forfeits on time}
0-1

[Event "ICC Open 2015"]
[Site "Internet Chess Club"]
[Date "2015.05.30"]
[Round "11"]
[White "aplusk"]
[Black "VerdeNotte"]
[Result "1/2-1/2"]
[ICCResult "Game drawn because neither player has mating material"]
[WhiteElo "3028"]
[BlackElo "2886"]
[Opening "King's Indian: fianchetto without c4"]
[ECO "A49"]
[NIC "QP.11"]
[Time "20:45:44"]
[TimeControl "180+0"]

1. Nf3 g6 2. d4 Nf6 3. g3 Bg7 4. b3 O-O 5. Bb2 d6 6. Bg2 Nbd7 7. O-O e5 8.
dxe5 dxe5 9. Nxe5 Ng4 10. Nd3 Bxb2 11. Nxb2 Qf6 12. Qc1 Re8 13. e4 b6 14.
Nd2 Ba6 15. c4 Nc5 16. h3 Ne5 17. f4 Ned3 18. Nxd3 Nxd3 19. e5 Nxc1 20. exf6
Ne2+ 21. Kf2 Rad8 22. Ne4 Bb7 23. Kxe2 Bxe4 24. Bxe4 Rxe4+ 25. Kf3 Rde8 26.
Rad1 h5 27. Rd3 R4e6 28. g4 Rxf6 29. gxh5 gxh5 30. Rg1+ Kf8 31. Rg5 Rh6 32.
Rd7 Re7 33. Rg8+ Kxg8 34. Rxe7 Rc6 35. Re5 Rh6 36. h4 Kf8 37. c5 a5 38. cxb6
cxb6 39. a4 Kg7 40. Rg5+ Kf8 41. Rb5 Ke7 42. Ke4 Kd7 43. b4 axb4 44. Rxb4
Kc6 45. Rb5 Re6+ 46. Kf3 Rh6 47. Re5 Rh7 48. Ke4 Kb7 49. Kf5 Rg7 50. Kf6 Rg4
51. f5 Rxh4 52. Kxf7 Rxa4 53. f6 h4 54. Ke6 Kc6 55. f7 Ra8 56. Rh5 b5 57.
Rxh4 Kc5 58. Rh5+ Kc4 59. Rh4+ Kc3 60. Rh3+ Kc4 61. Ke7 b4 62. Rh4+ Kc3 63.
Rh3+ Kc2 64. Rh6 b3 65. Rc6+ Kb1 66. Rd6 b2 67. Rd8 Ra7+ 68. Rd7 Ra8 69.
Rd1+ Kc2 70. Rf1 b1=Q 71. Rxb1 Kxb1 72. Kf6 Rf8 73. Kg7 Rxf7+ 74. Kxf7
{Game drawn because neither player has mating material}
1/2-1/2

[Event "ICC Open 2015"]
[Site "Internet Chess Club"]
[Date "2015.05.30"]
[Round "11"]
[White "Red-white"]
[Black "Bacunamatata"]
[Result "0-1"]
[ICCResult "White resigns"]
[WhiteElo "3085"]
[BlackElo "2946"]
[Opening "QGD semi-Slav"]
[ECO "D43"]
[NIC "SL.03"]
[Time "20:46:55"]
[TimeControl "180+0"]

1. d4 d5 2. Nf3 c6 3. c4 Nf6 4. Nc3 e6 5. Bg5 h6 6. Bh4 Nbd7 7. e3 g5 8. Bg3
Nh5 9. Be5 Nhf6 10. Be2 g4 11. Bxf6 Qxf6 12. Nd2 h5 13. Qc2 Bd6 14. g3 a6
15. Rf1 b5 16. c5 Bc7 17. O-O-O e5 18. Kb1 Nf8 19. e4 exd4 20. Nxd5 cxd5 21.
exd5 Ng6 22. d6 Ba5 23. Nb3 Ne5 24. Ka1 Bf5 25. Qc1 d3 26. Bxd3 Nxd3 27.
Qe3+ Kf8 28. Rxd3 Bxd3 29. Qxd3 Bd8 30. Nd4 Rc8 31. b4 Rh6 32. Kb1 Qe5 33.
f4 Qd5 34. Re1 Bf6 35. Re4 h4 {White resigns} 0-1

[Event "ICC Open 2015"]
[Site "Internet Chess Club"]
[Date "2015.05.30"]
[Round "11"]
[White "wagnerbi"]
[Black "Mormegil"]
[Result "0-1"]
[ICCResult "White forfeits on time"]
[WhiteElo "1930"]
[BlackElo "1734"]
[Opening "Grünfeld: exchange, Spassky variation"]
[ECO "D87"]
[NIC "GI.05"]
[Time "20:46:25"]
[TimeControl "180+0"]

1. d4 Nf6 2. c4 g6 3. Nc3 d5 4. cxd5 Nxd5 5. e4 Nxc3 6. bxc3 Bg7 7. Bc4 c5
8. Ne2 O-O 9. Be3 Nc6 10. O-O Qa5 11. Kh1 cxd4 12. cxd4 b6 13. Rc1 Bb7 14.
f4 Rad8 15. f5 Qb4 16. fxg6 hxg6 17. Bd5 Na5 18. Bxb7 Nxb7 19. Qd3 Rd7 20.
Rc4 Qa5 21. Qc2 Qh5 22. Ng3 Qh4 23. Rc8 Rdd8 24. Rc7 Nd6 25. Rxa7 Nb5 26.
Rb7 Nxd4 27. Bxd4 Bxd4 28. Qc7 Bc5 29. Qc6 Rd6 30. Qa4 Rfd8 31. Qb3 Rd3 32.
Qxf7+ Kh8 33. Ne2 Qh7 34. Qf4 Rd1 35. Ng1 Qg7 36. Rxd1 Rxd1 37. Rb8+ Kh7 38.
Qh4+ Qh6 {White forfeits on time} 0-1

[Event "ICC Open 2015"]
[Site "Internet Chess Club"]
[Date "2015.05.30"]
[Round "11"]
[White "ivancele"]
[Black "boobytrap"]
[Result "0-1"]
[ICCResult "White forfeits on time"]
[WhiteElo "1577"]
[BlackElo "1927"]
[Opening "Queen's gambit accepted"]
[ECO "D20"]
[NIC "QG.03"]
[Time "20:46:17"]
[TimeControl "180+0"]

1. d4 d5 2. c4 dxc4 3. e3 Nf6 4. Bxc4 e6 5. Nc3 c5 6. Nf3 a6 7. a4 Nc6 8.
O-O cxd4 9. Nxd4 Be7 10. Nxc6 Qxd1 11. Rxd1 bxc6 12. b3 O-O 13. Ba3 Bxa3 14.
Rxa3 Nd5 15. Ne2 Bb7 16. Raa1 c5 17. Rac1 Rfd8 18. h3 Rac8 19. Ng3 g6 20. e4
Nb4 21. f3 Kg7 22. Kf2 Rd4 23. Ne2 Rdd8 24. Ke3 Bc6 25. Nc3 Bb7 26. Rxd8
Rxd8 27. Rd1 Nc2+ 28. Kf2 Nd4 29. Rc1 Nc6 30. Rc2 Ne5 31. Bf1 Nc6 32. Ne2
Nd4 33. Rxc5 Nxb3 34. Rc7 Bc8 35. Ke3 e5 36. Nc3 Nd4 37. Nd5 a5 38. Bb5 Be6
39. Nb6 Nc2+ 40. Ke2 Na3 41. Bc6 Nc4 42. Nd5 Nb2 43. Ra7 Nc4 44. Kd3 Bxd5
45. Bxd5 Nd6 {White forfeits on time} 0-1

[Event "ICC Open 2015"]
[Site "Internet Chess Club"]
[Date "2015.05.30"]
[Round "11"]
[White "mvillalba"]
[Black "DarkThrone"]
[Result "1/2-1/2"]
[ICCResult "Game drawn because neither player has mating material"]
[WhiteElo "2310"]
[BlackElo "2406"]
[Opening "Two knights defense (Modern bishop's opening)"]
[ECO "C55"]
[NIC "IG.01"]
[Time "20:46:23"]
[TimeControl "180+0"]

1. e4 e5 2. Nf3 Nc6 3. Bc4 Nf6 4. d3 Be7 5. Nc3 O-O 6. O-O d6 7. h3 Be6 8.
Bb3 Bxb3 9. axb3 d5 10. exd5 Nxd5 11. Re1 f6 12. d4 Bb4 13. Bd2 exd4 14.
Nxd5 Qxd5 15. Bxb4 Nxb4 16. Qxd4 Qxd4 17. Nxd4 c5 18. c3 Nd3 19. Re3 cxd4
20. Rxd3 dxc3 21. bxc3 a6 22. Rd7 Rf7 23. Rad1 Rc8 24. Rxf7 Kxf7 25. Rd7+
Kg6 26. Rxb7 Rxc3 27. Rb6 a5 28. Rb5 h5 29. Rxa5 Rxb3 30. Rc5 Kh6 31. Kh2
Rb2 32. f3 h4 33. Ra5 g5 34. Rc5 Kg6 35. Rd5 Re2 36. Rc5 Re5 37. Rc4 Kf5 38.
Kg1 Re2 39. Kf1 Ra2 40. Rb4 Ke5 41. Rc4 Rd2 42. Rb4 Rd4 43. Rb5+ Kf4 44. Rb6
Kg3 45. Rxf6 Rd1+ 46. Ke2 Rg1 47. Rf5 Rxg2+ 48. Ke3 Kxh3 49. Rf8 Rg1 50. Rg8
Kh2 51. Kf2 Rg2+ 52. Kf1 h3 53. Rh8 Kg3 54. Rh5 Kxf3 55. Rxh3+ Rg3 56. Rh8
Rg4 57. Ra8 Rb4 58. Ra1 Rb3 59. Kg1 Kg3 60. Kh1 Kh3 61. Kg1 g4 62. Kh1 g3
63. Kg1 Rb2 64. Kh1 Rh2+ 65. Kg1 Rb2 66. Kh1 Kg4 67. Kg1 Kf3 68. Kh1 Kf2 69.
Rf1+ Ke2 70. Kg1 Ke3 71. Rf8 Ke4 72. Rf7 Ke3 73. Rf8 Ke4 74. Rf7 Re2 75.
Re7+ Kf3 76. Rxe2 Kxe2 77. Kg2 Ke3 78. Kxg3
{Game drawn because neither player has mating material}
1/2-1/2

[Event "ICC Open 2015"]
[Site "Internet Chess Club"]
[Date "2015.05.30"]
[Round "11"]
[White "druskacik"]
[Black "ural"]
[Result "1-0"]
[ICCResult "Black forfeits on time"]
[WhiteElo "2467"]
[BlackElo "2380"]
[Opening "Queen's pawn game, Chigorin variation"]
[ECO "D02"]
[NIC "QP.08"]
[Time "20:46:45"]
[TimeControl "180+0"]

1. d4 d5 2. Nf3 Nc6 3. Bf4 Bg4 4. e3 e6 5. Be2 Bd6 6. Bg3 f5 7. O-O Qf6 8.
Nc3 f4 9. exf4 Bxf4 10. Ne5 Bxe2 11. Qxe2 Nxd4 12. Qd3 Bxe5 13. Bxe5 Qxe5
14. Rae1 Qf6 15. Nxd5 Nf3+ 16. Qxf3 Qxf3 17. gxf3 O-O-O 18. Nf4 Nf6 19. Rxe6
Rd2 20. Re2 Rxe2 21. Nxe2 Rd8 22. Rc1 Rd5 23. Kf1 a5 24. Nc3 Rh5 25. Kg2
Rg5+ 26. Kh1 Rf5 27. Kg2 b5 28. Ne4 Nd5 29. c4 Nf4+ 30. Kf1 b4 31. Rd1 Rh5
32. Kg1 Rg5+ 33. Ng3 h5 34. h4 Rc5 35. Rd4 Ne6 36. Re4 Kd7 37. b3 g6 38. Kf1
a4 39. Ne2 a3 40. Nf4 Nxf4 41. Rxf4 Ke6 42. Ke2 Rc6 43. Ke3 Rd6 44. Rd4 Rxd4
45. Kxd4 Kf5 46. Ke3 g5 47. hxg5 Kxg5 48. f4+ Kg4 49. f3+ Kg3 50. f5 h4 51.
f6 h3 52. f7 h2 53. f8=Q h1=Q 54. Qg7+ Kh2 55. Qh7+ Kg1 56. Qxh1+ Kxh1 57.
f4 Kg2 58. f5 {Black forfeits on time} 1-0

[Event "ICC Open 2015"]
[Site "Internet Chess Club"]
[Date "2015.05.30"]
[Round "11"]
[White "yaguaro"]
[Black "brizito"]
[Result "0-1"]
[ICCResult "White checkmated"]
[WhiteElo "1946"]
[BlackElo "1803"]
[Opening "Sicilian: Nimzovich-Rossolimo attack (without ...d6)"]
[ECO "B30"]
[NIC "SI.31"]
[Time "20:46:26"]
[TimeControl "180+0"]

1. e4 c5 2. Nf3 Nc6 3. Bb5 Nf6 4. Nc3 e5 5. d3 d6 6. Bg5 Be7 7. h3 O-O 8.
Bxc6 bxc6 9. O-O h6 10. Be3 Rb8 11. b3 Be6 12. Ne2 Qc7 13. Ng3 d5 14. Qe2 c4
15. bxc4 dxe4 16. dxe4 Rb4 17. Bd2 Rxc4 18. c3 Rd8 19. Rfc1 Bd6 20. Nh4 Rb8
21. Be1 Bc5 22. Nhf5 Ra4 23. c4 Rd8 24. Qc2 Rxc4 25. Qe2 Rxc1 26. Rxc1 Qb6
27. Nh5 Nxh5 28. Qxh5 Bxf5 29. Qxf5 Be3 30. Rc3 Bf4 31. g3 Qb1 32. Rf3 Qxe1+
33. Kg2 g6 34. Qf6 Rd1 35. Rxf4 Qh1# {White checkmated} 0-1

[Event "ICC Open 2015"]
[Site "Internet Chess Club"]
[Date "2015.05.30"]
[Round "11"]
[White "zelog"]
[Black "Aladdin"]
[Result "1-0"]
[ICCResult "Black checkmated"]
[WhiteElo "2112"]
[BlackElo "2337"]
[Opening "English opening"]
[ECO "A10"]
[NIC "EO.64"]
[Time "20:45:57"]
[TimeControl "180+0"]

1. c4 g6 2. g3 Bg7 3. Bg2 Nf6 4. Nf3 O-O 5. O-O b6 6. Nc3 Bb7 7. d4 d6 8.
Bg5 Nbd7 9. Qd2 Re8 10. Bh6 e5 11. Bxg7 Kxg7 12. dxe5 dxe5 13. Rfd1 Qe7 14.
Nd5 Nxd5 15. cxd5 a5 16. e4 Nc5 17. Qe3 f6 18. Rac1 Rad8 19. Rc2 c6 20. Rcd2
cxd5 21. exd5 Rd7 22. a3 a4 23. Ne1 Red8 24. Nc2 Rd6 25. Nb4 f5 26. f4 e4
27. Qd4+ Qf6 28. Qe5 Nd7 29. Qxf6+ Kxf6 30. Kf2 Ke7 31. Ke3 Nf6 32. Bf1
Nxd5+ 33. Nxd5+ Rxd5 34. Rxd5 Rxd5 35. Rxd5 Bxd5 36. Bb5 Bb3 37. Kd4 Kd6 38.
Be8 Ke7 39. Bb5 Kf6 40. h4 h6 41. Be8 g5 42. fxg5+ hxg5 43. hxg5+ Kxg5 44.
Ke3 Kg4 45. Bd7 Bc2 46. Bc8 Kg5 47. Bd7 Bb3 48. Bc8 b5 49. Bd7 Bc4 50. Bc8
Bf1 51. Bd7 Bd3 52. Bc8 Kf6 53. Kf4 e3 54. Kxe3 Bc2 55. Kf4 Kg6 56. Bd7 Bd3
57. Bc6 Kf6 58. Bd7 Kg6 59. Bc8 Kf6 60. Bd7 Ke7 61. Bxf5 Bc4 62. g4 Kd6 63.
g5 Kc5 64. Ke5 Be2 65. Be6 Bh5 66. Kf6 Kd4 67. Bd7 Kd3 68. Bxb5+ Kc2 69.
Bxa4+ Kxb2 70. Bd7 Kxa3 71. Bf5 Kb4 72. Bg6 Bg4 73. Bf7 Bd7 74. g6 Be8 75.
Bxe8 Kc5 76. g7 Kd4 77. g8=Q Ke3 78. Qe6+ Kf2 79. Bc6 Kf1 80. Qe4 Kg1 81.
Qg2# {Black checkmated} 1-0

[Event "ICC Open 2015"]
[Site "Internet Chess Club"]
[Date "2015.05.30"]
[Round "11"]
[White "MichelRocard"]
[Black "PajoPatak"]
[Result "1-0"]
[ICCResult "Black resigns"]
[WhiteElo "1928"]
[BlackElo "1681"]
[Opening "Sicilian defense"]
[ECO "B33"]
[NIC "SI.34"]
[Time "20:46:18"]
[TimeControl "180+0"]

1. e4 c5 2. d4 cxd4 3. Nf3 Nc6 4. Nxd4 Nf6 5. Nc3 e6 6. Ndb5 d5 7. exd5 exd5
8. Nxd5 Nxd5 9. Qxd5 Qe7+ 10. Be3 Be6 11. Qh5 Qb4+ 12. c3 Qxb2 13. Rd1 Rc8
14. Be2 a6 15. Nd6+ Bxd6 16. Rxd6 Qxc3+ 17. Rd2 Rd8 18. Qg5 h6 19. Qf4 g5
20. Qa4 O-O 21. h4 g4 22. Bxh6 Rfe8 23. Qf4 Qc1+ 24. Rd1 Qxf4 25. Bxf4 Nb4
26. Rxd8 Rxd8 27. O-O Bxa2 28. Bxg4 Be6 29. Bxe6 fxe6 30. Rb1 a5 31. Be3 Rd3
32. Bb6 Rd6 33. Bxa5 Nc6 34. Bc3 Rd7 35. f4 Ne7 36. Be5 Nd5 37. Rd1 b6 38.
g4 Rb7 39. h5 Kf7 40. g5 b5 41. g6+ Kg8 42. h6 b4 43. h7+ Kf8 44. h8=Q+ Ke7
45. Qg7+ Kd8 46. Qxb7 Ke8 47. Rxd5 {Black resigns} 1-0

[Event "ICC Open 2015"]
[Site "Internet Chess Club"]
[Date "2015.05.30"]
[Round "11"]
[White "lemanofzorn"]
[Black "yellow"]
[Result "1-0"]
[ICCResult "Black forfeits on time"]
[WhiteElo "1466"]
[BlackElo "1483"]
[Opening "QGD Slav defense"]
[ECO "D10"]
[NIC "SL.01"]
[Time "20:46:27"]
[TimeControl "180+0"]

1. d4 d5 2. c4 c6 3. Nc3 Nf6 4. Bg5 g6 5. e3 Bg7 6. Nf3 O-O 7. Bd3 Re8 8.
O-O Bg4 9. h3 Bxf3 10. Qxf3 Qb6 11. cxd5 cxd5 12. Bxf6 Bxf6 13. Nxd5 Qxb2
14. Rab1 Qxa2 15. Nxf6+ exf6 16. Qxb7 Na6 17. Bxa6 Rab8 18. Qxb8 Rxb8 19.
Rxb8+ Kg7 20. Bc8 Qc4 21. Rfb1 a5 22. Bd7 Qd5 23. Ba4 Qc4 24. Bb3 Qc7 25.
Rb5 g5 26. Ba4 h5 27. Rc5 Qa7 28. Rbb5 Qe7 29. Rxa5 g4 30. hxg4 hxg4 31.
Rab5 Qa7 32. Ra5 Qb7 33. Rcb5 Qc7 34. Rc5 Qb7 35. Rab5 Qa7 36. Rb4 Qe7 37.
Rbc4 Qe4 38. Bc6 Qb1+ 39. Rc1 Qd3 40. Bb5 Qe4 41. Be2 f5 42. g3 f6 43. Rc7+
Kg6 44. R1c3 Qe6 45. Bc4 Qb6 46. Bf7+ Kg5 47. Kg2 Qb1 48. Rc1 Qe4+ 49. Kg1
Qf3 50. d5 Qe4 51. d6 Qb4 52. d7 {Black forfeits on time} 1-0

[Event "ICC Open 2015"]
[Site "Internet Chess Club"]
[Date "2015.05.30"]
[Round "11"]
[White "Philidor"]
[Black "pagoda"]
[Result "0-1"]
[ICCResult "White checkmated"]
[WhiteElo "2190"]
[BlackElo "2021"]
[Opening "Pirc: Ufimtsev-Pytel variation"]
[ECO "B07"]
[NIC "PU.08"]
[Time "20:46:24"]
[TimeControl "180+0"]

1. e4 d6 2. d4 Nf6 3. Nc3 c6 4. Nf3 Bg4 5. h3 Bxf3 6. Qxf3 e6 7. Bd3 d5 8.
Be3 Be7 9. O-O-O O-O 10. e5 Nfd7 11. g4 c5 12. h4 cxd4 13. Bxd4 Nc6 14. Qe3
a6 15. Ne2 Nxd4 16. Nxd4 Bc5 17. Kb1 b5 18. c3 Qb6 19. f4 b4 20. Bc2 bxc3
21. Qxc3 Rfc8 22. Qd3 Rab8 23. Qxh7+ Kf8 24. Nb3 a5 25. a4 Ke8 26. Qg8+ Bf8
27. f5 Rxc2 28. Kxc2 Qxb3+ 29. Kd2 Qxb2+ 30. Ke1 Qg2 31. fxe6 Qxh1+ 32. Kd2
Qg2+ 33. Ke1 Qg3+ 34. Kf1 Qf3+ 35. Ke1 Qg3+ 36. Kf1 Qf4+ 37. Ke1 Qxe5+ 38.
Kf1 fxe6 39. Re1 Qf4+ 40. Kg1 Qxg4+ 41. Kf1 Qf3+ 42. Kg1 Qg3+ 43. Kf1 Nc5
44. Rxe6+ Nxe6 45. Qxe6+ Be7 46. Qg8+ Kd7 47. Qxd5+ Bd6 48. Qf7+ Kc6 49.
Qc4+ Bc5 50. Qe4+ Kb6 51. Qb1+ Ka7 52. Qxb8+ Kxb8 53. Ke2 Qe3+ 54. Kd1 Qf2
55. Kc1 Be3+ 56. Kb1 Bd4 57. Kc1 Bc3 58. Kd1 Qd2# {White checkmated} 0-1

[Event "ICC Open 2015"]
[Site "Internet Chess Club"]
[Date "2015.05.30"]
[Round "11"]
[White "DropZone"]
[Black "QuintilianoR"]
[Result "0-1"]
[ICCResult "White forfeits on time"]
[WhiteElo "2071"]
[BlackElo "2551"]
[Opening "Queen's pawn game"]
[ECO "D02"]
[NIC "QP.08"]
[Time "20:46:17"]
[TimeControl "180+0"]

1. d4 d5 2. Nf3 e6 3. Bf4 c5 4. c3 Nc6 5. e3 Nf6 6. h3 Be7 7. Bd3 O-O 8. O-O
c4 9. Bc2 b5 10. a3 Bb7 11. Nbd2 a5 12. Qe2 b4 13. axb4 axb4 14. Rxa8 Bxa8
15. e4 dxe4 16. Nxe4 Nd5 17. Bg3 bxc3 18. Nxc3 Nb6 19. Rd1 Nb4 20. Bb1 g6
21. Ne5 Qc8 22. Bf4 Qb7 23. f3 Rc8 24. Ne4 N4d5 25. Bh6 c3 26. bxc3 Nxc3 27.
Nxc3 Rxc3 28. Qd2 Rc8 29. Qf4 Bf8 30. Ng4 Nd5 31. Qe5 Qc7 32. Bxf8 Qxe5 33.
dxe5 Kxf8 34. Be4 Nc3 35. Re1 Nxe4 36. fxe4 h5 37. Nf6 Ke7 38. Rd1 Bc6 39.
Rd6 Ba4 40. Rb6 Rc7 41. Ra6 Bb5 42. Rb6 Bc6 43. Rb8 Ba4 44. Ng8+ Kd7 45.
Nf6+ Ke7 46. Ng8+ Kd7 47. Nf6+ Kc6 48. Ra8 Bb5 49. Rf8 Kc5 50. Rh8 Kd4 51.
Kf2 Kxe5 52. Ng8 Bd3 53. Nh6 Bxe4 54. Rh7 Rc2+ 55. Kg1 Rxg2+ 56. Kf1 Rg3 57.
Rxf7 Bd3+ 58. Kf2 Rxh3 59. Kg2 Re3 60. Rf3 Bf5 {White forfeits on time} 0-1

[Event "ICC Open 2015"]
[Site "Internet Chess Club"]
[Date "2015.05.30"]
[Round "11"]
[White "Kyekerz"]
[Black "SlowBlitz"]
[Result "1/2-1/2"]
[ICCResult "Game drawn by repetition"]
[WhiteElo "1223"]
[BlackElo "1276"]
[Opening "French defense, Steiner variation"]
[ECO "C00"]
[NIC "FR.01"]
[Time "20:46:46"]
[TimeControl "180+0"]

1. e4 e6 2. c4 c6 3. e5 d5 4. d4 Bb4+ 5. Nc3 Ne7 6. c5 b6 7. a3 Bxc3+ 8.
bxc3 bxc5 9. Qa4 Qb6 10. Bd3 Ba6 11. Rb1 Bb5 12. Bxb5 cxb5 13. Rxb5 Qc6 14.
Rxb8+ Rxb8 15. Qxc6+ Nxc6 16. Ne2 cxd4 17. cxd4 Rb3 18. O-O O-O 19. f4 Rd3
20. Rf3 Rxf3 21. gxf3 Rb8 22. Kf2 Rb1 23. Ke3 a6 24. Kd2 Kf8 25. Kc2 Rb7 26.
Kc3 Na5 27. Be3 Nc4 28. a4 a5 29. Kd3 Ke7 30. Bc1 Kd7 31. Kc3 Kc7 32. Kd3
Kd7 33. Kc3 Kc7 34. Kd3 Kd7 {Game drawn by repetition} 1/2-1/2

[Event "ICC Open 2015"]
[Site "Internet Chess Club"]
[Date "2015.05.30"]
[Round "11"]
[White "raja2015"]
[Black "DangerousDeath"]
[Result "1/2-1/2"]
[ICCResult "White ran out of time and Black has no material to mate"]
[WhiteElo "1585"]
[BlackElo "1639"]
[Opening "Queen's pawn game"]
[ECO "D05"]
[NIC "QO.17"]
[Time "20:46:13"]
[TimeControl "180+0"]

1. d4 e6 2. Nf3 d5 3. e3 Nf6 4. c4 c5 5. cxd5 exd5 6. dxc5 Bxc5 7. Bb5+ Nc6
8. Nc3 O-O 9. O-O Bg4 10. Be2 Re8 11. a3 d4 12. exd4 Nxd4 13. Nxd4 Bxe2 14.
Ndxe2 Qe7 15. Be3 Bxe3 16. fxe3 Qxe3+ 17. Kh1 Rad8 18. Qc1 Rd2 19. h3 Nh5
20. Kh2 b5 21. Rf3 Qe5+ 22. Kg1 Rxe2 23. Nxe2 Qxe2 24. Qf1 Qxb2 25. Rxf7 Ng3
26. Rf2 Qd4 27. Qd1 Ne2+ 28. Kf1 Ng3+ 29. Kg1 Qc5 30. Qf3 Ne2+ 31. Kh1 h6
32. Raf1 Re7 33. Rxe2 Qxa3 34. Rxe7 Qxe7 35. Qd5+ Kh7 36. Qf5+ Kh8 37. Qf8+
Qxf8 38. Rxf8+ Kh7 39. Rb8 g5 40. Rxb5 Kg6 41. Ra5 Kh5 42. Rxa7 Kh4 43. Ra4+
g4 44. Rxg4+ Kh5 45. Ra4 Kg5 46. Kh2 Kh5 47. g4+ Kg6 48. Kg3 Kh7 49. h4 Kg7
50. g5 Kh7 51. gxh6 Kg8 52. Kg4 Kh8 53. Kg5 Kg8 54. Ra7 Kh8 55. Kg6 Kg8
{White ran out of time and Black has no material to mate}
1/2-1/2

[Event "ICC Open 2015"]
[Site "Internet Chess Club"]
[Date "2015.05.30"]
[Round "11"]
[White "unkavalo"]
[Black "HematiteBrown"]
[Result "1-0"]
[ICCResult "Black forfeits on time"]
[WhiteElo "2541"]
[BlackElo "2232"]
[Opening "English opening"]
[ECO "A16"]
[NIC "EO.64"]
[Time "20:46:34"]
[TimeControl "180+0"]

1. c4 Nf6 2. Nc3 g6 3. g3 Bg7 4. Bg2 d6 5. Nf3 O-O 6. O-O c6 7. d3 Qa5 8. h3
Na6 9. Bd2 Qd8 10. Rb1 c5 11. a3 h6 12. b4 Rb8 13. b5 Nc7 14. a4 e5 15. e4
Ne6 16. Nd5 Nxd5 17. cxd5 Nd4 18. Nxd4 cxd4 19. f4 exf4 20. Bxf4 Kh7 21. Qc1
f5 22. Qa3 fxe4 23. Bxd6 Rxf1+ 24. Rxf1 Ra8 25. dxe4 Kg8 26. e5 Bf5 27. g4
Bc2 28. e6 d3 29. Be7 Qb6+ 30. Bc5 Bd4+ 31. Bxd4 Qxd4+ 32. Kh1 d2 33. Bf3
d1=Q 34. Bxd1 Bxd1 35. Qd6 Bc2 36. Qf4 Be4+ 37. Kh2 Qxd5 38. Qf7+ Kh8 39.
Qf6+ Kg8 40. e7 Re8 41. Qf8+ Kh7 42. Rf7+ {Black forfeits on time} 1-0

[Event "ICC Open 2015"]
[Site "Internet Chess Club"]
[Date "2015.05.30"]
[Round "11"]
[White "Cristhian-ator"]
[Black "LMLLM"]
[Result "0-1"]
[ICCResult "White resigns"]
[WhiteElo "2550"]
[BlackElo "2372"]
[Opening "French: King's Indian attack"]
[ECO "C00"]
[NIC "FR.02"]
[Time "20:46:57"]
[TimeControl "180+0"]

1. e4 e6 2. d3 d5 3. Nd2 Nf6 4. Ngf3 Nc6 5. g3 Bc5 6. Bg2 dxe4 7. dxe4 e5 8.
O-O O-O 9. h3 a5 10. Kh2 Qe7 11. Nh4 Rd8 12. c3 Be6 13. Nf5 Qd7 14. Qf3 Ne7
15. Ne3 Qd3 16. Re1 a4 17. Bf1 Qd7 18. Ndc4 Ng6 19. Nf5 b5 20. Nce3 c6 21.
Ng4 Ne8 22. Be3 Qa7 23. b4 Bxe3 24. Ngxe3 a3 25. h4 Ne7 26. h5 Nxf5 27. exf5
Bd5 28. Nxd5 Rxd5 29. h6 gxh6 30. f6 Qd7 31. Bg2 Qe6 32. Qh5 Nxf6 33. Qh4
Rd2 34. Kg1 Ng4 35. Bh3 f5 36. Bxg4 fxg4 37. Re4 Rf8 38. Rae1 Qf6 39. Qxg4+
Kh8 40. f4 exf4 41. Re6 Qxc3 42. Re8 Qd4+ 43. Kh1 Qd5+ 44. R1e4 Rxe8 45. Qf3
Qxe4 46. Qxe4 Rxe4 {White resigns} 0-1

[Event "ICC Open 2015"]
[Site "Internet Chess Club"]
[Date "2015.05.30"]
[Round "11"]
[White "Smokie"]
[Black "awesome5123"]
[Result "1-0"]
[ICCResult "Black checkmated"]
[WhiteElo "1435"]
[BlackElo "1525"]
[Opening "Sicilian: Labourdonnais-Löwenthal variation"]
[ECO "B32"]
[NIC "SI.32"]
[Time "20:46:00"]
[TimeControl "180+0"]

1. e4 c5 2. Nf3 Nc6 3. d4 cxd4 4. Nxd4 e5 5. Nxc6 bxc6 6. c4 Nf6 7. Nc3 Bb4
8. Bd3 Ba6 9. Qa4 Qb6 10. Be3 Bxc3+ 11. bxc3 Qb7 12. Rb1 Qc8 13. Bc5 Bb7 14.
O-O Qc7 15. Qb3 Bc8 16. Rfd1 d6 17. Ba3 O-O 18. c5 d5 19. exd5 Nxd5 20. Bc4
Be6 21. Qb7 Qxb7 22. Rxb7 Rfb8 23. Rdb1 Rxb7 24. Rxb7 Kf8 25. Bc1 f6 26.
Bxd5 Bxd5 27. f3 a5 28. Kf2 Bxa2 29. g3 Bd5 30. h4 a4 31. Ba3 h6 32. Ke3 g5
33. h5 f5 34. Rh7 f4+ 35. gxf4 gxf4+ 36. Kd2 Bxf3 37. Rh8+ Kg7 38. Rxa8 Bxh5
39. Ra7+ Kf6 40. Ke1 e4 41. Bc1 e3 42. Rxa4 Ke5 43. Rd4 Bf3 44. Bxe3 fxe3
45. Rh4 e2 46. Rxh6 Ke4 47. Rxc6 Kd3 48. Rd6+ Kxc3 49. c6 Kc4 50. c7 Bh1 51.
Rd2 Kb4 52. c8=Q Bd5 53. Rb2+ Bb3 54. Qb7+ Ka3 55. Qxb3# {Black checkmated}
1-0

[Event "ICC Open 2015"]
[Site "Internet Chess Club"]
[Date "2015.05.30"]
[Round "11"]
[White "Osya"]
[Black "eddington"]
[Result "0-1"]
[ICCResult "White checkmated"]
[WhiteElo "1864"]
[BlackElo "2158"]
[Opening "English: Neo-Catalan declined"]
[ECO "E06"]
[NIC "CA.05"]
[Time "20:47:20"]
[TimeControl "180+0"]

1. c4 e6 2. g3 d5 3. Bg2 Nf6 4. Nf3 Be7 5. O-O O-O 6. d4 dxc4 7. a4 Bd7 8.
Ne5 Bc6 9. Nxc6 Nxc6 10. Bxc6 bxc6 11. Nd2 Qxd4 12. Qc2 Rab8 13. Nxc4 Rb4
14. Na5 Qc5 15. Qxc5 Bxc5 16. Nxc6 Re4 17. e3 Rc4 18. Ne5 Rc2 19. Rd1 Ne4
20. Nd7 Nxf2 21. Nxf8 Nxd1 22. Nd7 Rxc1 23. Rxc1 Bxe3+ 24. Kf1 Bxc1 25. b3
f6 26. Ke2 Nc3+ 27. Kd3 Nd5 28. Kc4 Kf7 29. Kc5 Ke7 30. Kc6 Be3 31. b4 Nxb4+
32. Kxc7 Bg1 33. h3 Bh2 34. Nc5 Bxg3+ 35. Kb7 Bf2 36. Ne4 Bd4 37. a5 f5 38.
Nd2 e5 39. Nc4 f4 40. Kc7 f3 41. Nd2 f2 42. Nf1 e4 43. a6 Nxa6+ 44. Kb7 e3
45. Kc6 e2 46. Kd5 exf1=Q 47. Ke4 Qxh3 48. Kd5 f1=Q 49. Kc6 Qc4+ 50. Kb7
Qhc8# {White checkmated} 0-1

[Event "ICC Open 2015"]
[Site "Internet Chess Club"]
[Date "2015.05.30"]
[Round "11"]
[White "ro9991"]
[Black "TheLlamaLord"]
[Result "0-1"]
[ICCResult "White forfeits on time"]
[WhiteElo "1928"]
[BlackElo "1702"]
[Opening "Bogo-Indian defense, Grünfeld variation"]
[ECO "E11"]
[NIC "QI.01"]
[Time "20:47:10"]
[TimeControl "180+0"]

1. d4 Nf6 2. c4 e6 3. Nf3 Bb4+ 4. Nbd2 c5 5. a3 Bxd2+ 6. Qxd2 cxd4 7. Nxd4
Nc6 8. e3 O-O 9. b4 Ne4 10. Qd3 f5 11. Nxc6 bxc6 12. Bb2 d5 13. Be2 Ba6 14.
Qd4 Qe7 15. b5 cxb5 16. cxb5 Bb7 17. O-O f4 18. exf4 Rxf4 19. f3 Qg5 20.
fxe4 Rxe4 21. Qd1 Qe3+ 22. Rf2 Rf8 23. Bf3 Ref4 24. Bc1 Qd4 25. Bxf4 Qxf4
26. Kh1 Rf6 27. g3 Qe3 28. Qe1 Qb6 29. Kg2 d4 30. Bxb7 Qxb7+ 31. Kg1 Qf7 32.
Rxf6 gxf6 33. Qe4 e5 34. Rc1 Kg7 35. Qc6 d3 36. Qc7 Qxc7 37. Rxc7+ Kg6 38.
Rd7 e4 39. Kf2 Kf5 40. Ke3 Ke5 41. a4 f5 42. a5 Ke6 43. Rd4 Ke5 44. a6 Ke6
45. b6 axb6 46. a7 d2 47. Rxd2 f4+ {White forfeits on time} 0-1